 Dungeon Crawl Stone Soup version 0.23.2-1-ga50397a (webtiles) character file.

Game seed: 8275055431811722487

189 MalarOregon the Poker (level 5, -6/43 HPs)
             Began as a Merfolk Skald on May 15, 2019.
             Killed from afar by an orc wizard (7 damage)
             ... with a magic dart
             ... on level 4 of the Dungeon.
             The game lasted 00:05:06 (3853 turns).

MalarOregon the Poker (Merfolk Skald)               Turns: 3853, Time: 00:05:07

Health: -6/43      AC:  3    Str: 14    XL:     5   Next: 68%
Magic:  8/8        EV: 13    Int: 12    God:
Gold:   94         SH:  0    Dex: 18    Spells: 1/8 levels left

rFire    . . .     SeeInvis .   a - +0 spear
rCold    . . .     Gourm    .   (no shield)
rNeg     + . .     Faith    .   b - +0 leather armour
rPois    .         Spirit   .   (no helmet)
rElec    .         Reflect  .   (no cloak)
rCorr    .         Harm     .   (no gloves)
MR       .....     Rnd*Tele +   (no boots)
Stlth    +.........             (no amulet)
HPRegen  0.14/turn              i - ring of positive energy
MPRegen  0.11/turn              (no ring)

@: slowed, very slow
A: change form in water, swift swim, stealthy swim, agile 2, strong 1,
teleportitis 1
a: no special abilities


You were on level 4 of the Dungeon.
You were not hungry.

You visited 1 branch of the dungeon, and saw 4 of its levels.

You collected 94 gold pieces.

Inventory:

Hand Weapons
 a - a +0 spear (weapon)
Armour
 b - a +0 leather armour (worn)
Jewellery
 i - a ring of positive energy (left hand)
   (You found it on level 1 of the Dungeon)
Wands
 u - a wand of paralysis (8)
   (You found it on level 4 of the Dungeon)
Scrolls
 c - 2 scrolls of magic mapping {unknown}
 f - a scroll of enchant weapon {unknown}
 g - 2 scrolls of identify {unknown}
 h - a scroll of enchant armour {unknown}
 l - a scroll of amnesia {unknown}
 m - 4 scrolls of remove curse {unknown}
 n - a scroll of immolation {unknown}
Potions
 d - a potion of brilliance {unknown}
 j - a potion of curing {unknown}
 k - a potion of might {unknown}
Comestibles
 e - 2 rations {!d}


   Skills:
 + Level 4.6 Fighting
 + Level 6.2 Polearms
 - Level 0.6 Armour
 - Level 2.6 Dodging
 - Level 2.0 Spellcasting
 - Level 3.2 Charms


You had one spell level left.
You knew the following spells:

 Your Spells              Type           Power        Failure   Level  Hunger
a - Infusion              Chrm           #...         9%          1    ##.....
e - Regeneration          Chrm/Necr      #.........   47%         3    ####...
t - Spectral Weapon       Hex/Chrm       #.......     47%         3    ####...

Your spell library contained the following spells:

 Spells                   Type           Power        Failure   Level  Hunger
 Song of Slaying          Chrm           #.......     14%         2    ###....
 Shroud of Golubria       Chrm/Tloc      #.........   26%         2    ###....


Dungeon Overview and Level Annotations

Branches:
Dungeon (4/15)
 Temple: D:4-7

Altars:
Kikubaaqudgha


Innate Abilities, Weirdness & Mutations

You revert to your normal form in water You are very nimble and swift while swimming.
You are very stealthy in the water. (Stealth+)
You are very agile. (Dex +4)
Your muscles are strong. (Str +2)
You are occasionally teleported next to monsters.


Message History

The magic dart hits you. The orc wizard closely misses you.
You hit the orc wizard.
You kill the orc wizard!
The orc wizard misses you.
You hit the orc wizard but do no damage.
The orc wizard misses you.
You hit the orc wizard but do no damage.
The orc wizard hits you but does no damage.
The orc closely misses you.
The orc wizard points at you and mumbles some strange words.
The magic dart hits you!
* * * LOW HITPOINT WARNING * * *
You closely miss the orc wizard.
The orc wizard hits you but does no damage.
You hit the orc wizard. The orc hits you with a +0 flail.
* * * LOW HITPOINT WARNING * * *
The orc wizard barely misses you.
You hit the orc wizard. The orc wizard closely misses you.
The orc closely misses you.
You hit the orc wizard.
The orc wizard hits you with a +0 dagger.
* * * LOW HITPOINT WARNING * * *
You closely miss the orc wizard. The orc wizard misses you.
The orc hits you with a +0 flail.
* * * LOW HITPOINT WARNING * * *
You barely miss the orc wizard.
The orc wizard hits you but does no damage.
The orc hits you with a +0 flail.
* * * LOW HITPOINT WARNING * * *
You hit the orc wizard.
The orc wizard is no longer moving quickly.
The orc wizard hits you with a +0 dagger.
* * * LOW HITPOINT WARNING * * *
The orc wizard hits you but does no damage.
You barely miss the orc. The orc closely misses you.
Unknown command.
You closely miss the orc wizard.
The orc wizard points at you and mumbles some strange words.
You feel yourself slow down.
Unknown command.
It was a potion of mutation.
You feel extremely strange.
You feel weirdly uncertain.
You feel agile.
You feel stronger.
You feel agile. The orc hits you with a +0 flail.
* * * LOW HITPOINT WARNING * * *
The orc wizard hits you but does no damage.
The orc misses you. The orc wizard casts a spell at you.
The magic dart hits you!
You die...

.........#.....#####.#
.......o.#.#)#.#......
.......oo#...#.#.#....
##+#####.....#.#.#....
###o§...#.#....
#o#.....#...#
#.####.......
#.#######.#..........
#..o@o....#.#........
###########>.........
.#####.###.###
..........#.###
#######.#.#....
...#.#####
######.#....
#............
#.##..#.#....


You could see an orc wizard and an orc.

Vanquished Creatures
  A hound (D:4)
  An orc wizard (D:4)
  7 adders
  A worm (D:3)
  A dart slug (D:1)
  4 leopard geckos
  2 orcs (D:4)
  4 giant cockroaches
  4 goblins
  5 hobgoblins
  3 jackals (D:4)
  9 kobolds
  3 quokkas
  2 ball pythons
  7 bats
  4 frilled lizards
  A jackal skeleton (D:2)
  5 rats
64 creatures vanquished.

Notes
Turn   | Place    | Note
-------+----------+-------------------------------------------
     0 | D:1      | MalarOregon the Merfolk Skald began the quest for the Orb.
     0 | D:1      | Reached XP level 1. HP: 16/16 MP: 3/3
   169 | D:1      | Reached XP level 2. HP: 22/23 MP: 5/5
   847 | D:2      | Reached skill level 4 in Polearms
   847 | D:2      | Reached XP level 3. HP: 26/29 MP: 6/6
  1814 | D:2      | Reached XP level 4. HP: 33/35 MP: 7/7
  2038 | D:3      | Reached skill level 5 in Polearms
  2576 | D:3      | Found an ancient bone altar of Kikubaaqudgha.
  2891 | D:3      | Learned a level 3 spell: Regeneration
  2895 | D:3      | Learned a level 3 spell: Spectral Weapon
  3152 | D:3      | Found a faded altar of an unknown god.
  3407 | D:4      | Reached XP level 5. HP: 40/42 MP: 8/8
  3436 | D:4      | HP: 2/43 [leopard gecko (1)]
  3815 | D:4      | Reached skill level 6 in Polearms
  3853 | D:4      | Gained mutation: You are occasionally teleported next to
                  | monsters. [potion of mutation]
  3853 | D:4      | Gained mutation: You are agile. (Dex +2) [potion of
                  | mutation]
  3853 | D:4      | Gained mutation: Your muscles are strong. (Str +2) [potion
                  | of mutation]
  3853 | D:4      | Gained mutation: You are very agile. (Dex +4) [potion of
                  | mutation]
  3853 | D:4      | HP: 1/43 [orc/+0 flail (6)]
  3853 | D:4      | Killed from afar by an orc wizard

Skill      XL: |  1  2  3  4  5 |
---------------+----------------+-----
Fighting       | 3 4 |  4.6
Polearms       | 4 5 6 |  6.2
Armour         | |  0.6
Dodging        | |  2.6
Spellcasting   | |  2.0
Charms         | |  3.2

Action                   |  1- 3 |  4- 6 || total
-------------------------+-------+-------++-------
Melee: Spear             |   175 |   214 ||   389
  Use: Potion            |     4 |     1 ||     5
 Stab: Sleeping          |     1 |     1 ||     2
  Eat: Chunk             |     3 |     3 ||     6
       Ration            |       |     1 ||     1
Armor: Leather armour    |    45 |    23 ||    68
Dodge: Dodged            |   101 |    94 ||   195
